 Dungeon Crawl Stone Soup version 0.27-a0-1529-g1e82c303ef (webtiles) character file.

Game seed: 11972761422728722288

89 avis the Insei (level 4, -4/28 HPs)
             Began as an Octopode Transmuter on July 11, 2021.
             Killed from afar by Ijyb (6 damage)
             ... with a puff of flame
             ... on level 3 of the Dungeon on July 12, 2021.
             The game lasted 00:10:28 (2144 turns).

avis the Insei (Octopode Transmuter)                Turns: 2144, Time: 00:10:28

Health: -4/28      AC:  1    Str: 10    XL:     4   Next: 55%
Magic:  4/7        EV: 13    Int: 15    God:
Gold:   49         SH:  0    Dex: 12    Spells: 3/7 levels left

rFire    . . .     SeeInvis .     - Unarmed
rCold    . . .     Faith    .   (no shield)
rNeg     . . .     Spirit   .   (helmet restricted)
rPois    .         Reflect  .   (no amulet)
rElec    .         Harm     .   (no ring)
rCorr    .         Rampage  .   (no ring)
Will     .....                  (no ring)
Stlth    +++.......             (no ring)
HPRegen  0.09/turn              (no ring)
MPRegen  0.10/turn              (no ring)
                                (no ring)
                                (no ring)

@: very slightly contaminated
A: almost no armour, amphibious, 8 rings, camouflage 1, gelatinous body 1,
(nimble swimmer 1), tentacles
a: no special abilities


You were on level 3 of the Dungeon.
You visited 1 branch of the dungeon, and saw 3 of its levels.

You collected 49 gold pieces.

Inventory:

Hand Weapons
 e - a +0 short sword
 l - a +0 long sword
Missiles
 a - 22 sling bullets
 d - 14 arrows
 j - 25 poisoned darts
 k - 24 stones
 o - 3 javelins
Scrolls
 c - a scroll of teleportation {unknown}
 f - a scroll of fog {unknown}
 g - a scroll of fear {unknown}
 h - a scroll of magic mapping {unknown}
 i - a scroll of torment {unknown}
 m - a scroll of enchant armour {unknown}
 n - a scroll of identify {unknown}
 p - a scroll of silence {unknown}
Potions
 b - 2 potions of curing {unknown}


   Skills:
 - Level 1.0 Fighting
 - Level 2.0 Dodging
 + Level 1.1 Stealth
 - Level 5.0 Unarmed Combat
 - Level 2.0 Spellcasting
 - Level 2.0 Transmutations
 - Level 1.0 Poison Magic


You had 3 spell levels left.
You knew the following spells:

 Your Spells              Type           Power      Damage    Failure   Level
a - Beastly Appendage     Tmut           14%        N/A       10%         1
p - Spider Form           Tmut/Pois      3%         N/A       34%         3

Your spell library contained the following spells:

 Spells                   Type           Power      Damage    Failure   Level
 Wereblood                Tmut           7%         N/A       14%         2
 Ice Form                 Ice/Tmut       4%         N/A       82%         4


Dungeon Overview and Level Annotations

Branches:
Dungeon (3/15)

Altars:

Annotations:
D:2 Sigmund
D:3 Ijyb


Innate Abilities, Weirdness & Mutations

You cannot wear most types of armour.
You are amphibious.
You can wear up to eight rings at the same time.
Your skin changes colour to match your surroundings (Stealth+).
Your rubbery body absorbs attacks. (AC +1, EV +1)
((You are camouflaged near water. (Stealth+)))
You have tentacles for arms and can constrict up to eight enemies at once.


Message History

Your transformation is almost over.
The bat hits you but does no damage.
There is a stone staircase leading up here.
The bat misses you.
You climb upwards.
Level annotation: Sigmund
There is a stone staircase leading down here.
You climb downwards.
Level annotation: Ijyb The bat hits you but does no damage.
The bat completely misses you.
Ijyb zaps a wand.
The puff of flame misses you.
There is a stone staircase leading up here.
The bat misses you.
Ijyb zaps a wand.
The puff of flame misses you.
The puff of flame hits the bat!
The bat dies!
Ijyb hits you with a +0 club.
You barely miss Ijyb. Ijyb completely misses you.
You hit Ijyb.
Ijyb is poisoned.
Ijyb is moderately wounded.
Your transformation has ended.
Ijyb hits you with a +0 club.
You miss Ijyb. You grab Ijyb.
Ijyb is moderately wounded.
You constrict Ijyb, but do no damage. Ijyb hits you with a +0 club.
You tentacle-slap Ijyb.
Ijyb is heavily wounded.
You constrict Ijyb, but do no damage.
Ijyb zaps a wand.
The puff of flame hits you!
* * * LOW HITPOINT WARNING * * *
Casting: Spider Form (extremely dangerous; 34% risk of failure)
Confirm with . or Enter, or press ? or * to list all spells.
You miscast Beastly Appendage.
You are very lightly contaminated with residual magic.
Nothing appears to happen.
You constrict Ijyb. Ijyb hits you with a +0 club.
* * * LOW HITPOINT WARNING * * *
You tentacle-slap Ijyb but do no damage.
Ijyb is severely wounded.
You constrict Ijyb, but do no damage.
Ijyb zaps a wand.
The puff of flame hits you.
You die...

#..... ...# ..
.....#...##.#.
..............
............. .
............
#.###......#.#.#
#..............#
#.....@.........
#....g..........
#.#...J.<.......
#.............
#.............
#.............
##...#.......#
#...........#
#...........#


You could see Ijyb (poisoned) and an endoplasm.

Vanquished Creatures
  Jessica (D:2)
  An adder (D:2)
  A gnoll (D:1)
  A dart slug (D:2)
  3 bats
  4 endoplasms (D:2)
  2 giant cockroaches (D:1)
  2 goblins
  4 hobgoblins
  2 jackals (D:1)
  3 quokkas
  7 ball pythons
  4 frilled lizards
  3 kobolds
  5 rats
43 creatures vanquished.

Vanquished Creatures (others)
  A bat (D:3)
  3 plants (D:2)
4 creatures vanquished.

Grand Total: 47 creatures vanquished

Notes
Turn   | Place    | Note
-------+----------+-------------------------------------------
     0 | D:1      | avis the Octopode Transmuter began the quest for the Orb.
     0 | D:1      | Reached XP level 1. HP: 13/13 MP: 3/3
   187 | D:1      | Reached XP level 2. HP: 18/18 MP: 1/5
   369 | D:1      | Found a faded altar of an unknown god.
   472 | D:1      | Reached skill level 4 in Unarmed Combat
   474 | D:1      | Reached skill level 1 in Stealth
   474 | D:1      | Reached XP level 3. HP: 7/23 MP: 6/6
   701 | D:1      | Learned a level 3 spell: Spider Form
   952 | D:1      | Reached skill level 1 in Poison Magic
  1131 | D:2      | Noticed Jessica
  1140 | D:2      | Killed Jessica
  1141 | D:2      | Reached XP level 4. HP: 28/28 MP: 7/7
  1868 | D:2      | Noticed Sigmund
  1987 | D:3      | Noticed Ijyb
  1993 | D:2      | Reached skill level 5 in Unarmed Combat
  2144 | D:3      | Killed from afar by Ijyb

Illustrated notes

Levels and vault maps discovered:
D:1:      sevenhm_arrival_forest_fort_small_1, layout_basic,
          basic_ecumenical_altar
D:2:      layout_basic, minmay_shallow_snake_nest, uniq_jessica, uniq_sigmund
D:3:      minmay_angry_zag, layout_basic, grunt_temple_overflow_open,
          wander_ebering_terrifying_dragon_lair, uniq_natasha, uniq_ijyb

Skill      XL: |  1  2  3  4 |
---------------+-------------+-----
Unarmed Combat | 4 5 |  5.0
Stealth        | 1 |  1.1
Poison Magic   | 1 |  1.0
Fighting       | |  1.0
Dodging        | |  2.0
Spellcasting   | |  2.0
Transmutations | |  2.0

Action                   |  1- 3 |  4- 6 || total
-------------------------+-------+-------++-------
Melee: Unarmed           |    46 |    36 ||    82
       Constrict         |    17 |     8 ||    25
       Kick              |    15 |     8 ||    23
       Tentacles         |     9 |     3 ||    12
       Punch             |     2 |     1 ||     3
 Cast: Beastly Appendage |    19 |    13 ||    32
       Spider Form       |       |     2 ||     2
 Stab: Sleeping          |     6 |     3 ||     9
Armor: Skin              |     4 |     4 ||     8
Dodge: Dodged            |    17 |    19 ||    36

Table legend: (Time is in decaauts)
 A = Elapsed time spent in this place.
 B = Non-inter-level travel time spent in this place.
 C = Inter-level travel time spent in this place.
 D = Time resting spent in this place.
 E = Time spent auto-exploring this place.
 F = Levels seen in this place.
 G = Mean time per level.
                   A        B        C        D        E       F      G
               +--------+--------+--------+--------+--------+-----+--------+
         Total |   2141 |   2043 |     98 |    638 |    940 |   3 |  713.7 |
       Dungeon |   2141 |   2043 |     98 |    638 |    940 |   3 |  713.7 |
               +--------+--------+--------+--------+--------+-----+--------+

Top non-repeatable levels by time:
     D:2: 1067 daAuts
     D:1: 1059 daAuts
     D:3: 14 daAuts
